 Dungeon Crawl Stone Soup version 0.30-a0-777-ga9a30cbeda (webtiles) character file.

Game seed: 2524290907272859015

16 Adverbial the Chopper (level 2, 0/27 HPs)
             Began as a Hill Orc Monk on Feb 14, 2023.
             Slain by an adder (2 damage)
             ... on level 2 of the Dungeon.
             The game lasted 00:03:47 (304 turns).

Adverbial the Chopper (Hill Orc Monk)                Turns: 304, Time: 00:03:48

Health: 0/27       AC:  2    Str: 13    XL:     2   Next: 54%
Magic:  2/2        EV: 12    Int: 10    God:
Gold:   43         SH:  0    Dex: 13    Spells: 1/1 levels left

rFire   . . .      SeeInvis .    a - +0 hand axe
rCold   . . .      Faith    .    (no shield)
rNeg    . . .      Spirit   .    b - +0 robe
rPois   .          Reflect  .    (no helmet)
rElec   .          Harm     .    (no cloak)
rCorr   .          Rampage  .    (no gloves)
Will    .....                    (no boots)
Stlth   ++                       (no amulet)
HPRegen 0.24/turn                (no ring)
MPRegen 0.08/turn                (no ring)

@: no status effects
A: no striking features
a: no special abilities


You were on level 2 of the Dungeon.
You visited 1 branch of the dungeon, and saw 2 of its levels.

You collected 43 gold pieces.

Inventory:

Hand Weapons
 a - a +0 hand axe (weapon)
Armour
 b - a +0 robe (worn)
Scrolls
 e - a scroll of blinking {unknown}
Potions
 c - a potion of ambrosia
 d - a potion of flight {unknown}


   Skills:
 - Level 3.8 Fighting
 + Level 4.2 Axes
 + Level 0.1 Armour
 + Level 2.5 Dodging
 + Level 1.8 Stealth
 + Level 0.0 Spellcasting
 * Level 0.3 Translocations


You had one spell level left.
You didn't know any spells.
Your spell library contained the following spells:

 Spells                   Type           Power      Damage    Failure   Level
 Blink                    Tloc           0%         N/A       45%         2
 Lesser Beckoning         Tloc           0%         N/A       45%         2
 Momentum Strike          Conj/Tloc      0%         3d8       47%         2


Dungeon Overview and Level Annotations

Branches:
Dungeon (2/15)

Altars:


Message History

You barely miss the adder. The adder bites you.
You closely miss the adder. The adder bites you but does no damage.
The adder barely misses you.
You slash the adder!
The adder is heavily wounded.
The adder misses you.
You closely miss the adder.
The adder is heavily wounded.
The adder bites you. The adder barely misses you.
You miss the adder.
The adder is heavily wounded.
The adder bites you.
* * * LOW HITPOINT WARNING * * *
You are poisoned.
The adder poisons you!
You hit the adder but do no damage.
The adder is heavily wounded.
You feel sick. The adder closely misses you.
The adder bites you but does no damage.
You feel sick. The adder closely misses you.
You feel sick. The adder closely misses you.
You barely miss the adder.
The adder is heavily wounded.
You feel sick. The adder closely misses you. The adder misses you.
You feel sick.
You are no longer poisoned.
The adder bites you.
* * * LOW HITPOINT WARNING * * *
The adder attacks as you move away! The adder barely misses you.
You hit the adder but do no damage.
The adder is heavily wounded.
The adder barely misses you. The adder bites you but does no damage.
The adder attacks as you move away! The adder bites you.
* * * LOW HITPOINT WARNING * * *
A kobold comes into view. It is wielding a +0 dagger.
You barely miss the adder.
The adder is heavily wounded.
The kobold shouts!
The adder bites you.
You die...

..........># #.#
#.#######..# #.#
#.####.##†.###.#
####+#..............#
#....K########..#####
#............#.....
#.....)#####.#..###.#
####+#.# #..# #@#
#..# #S# ##.# #.#####
#.# #.....# #####.#


You could see an adder and a kobold.

Vanquished Creatures
  A dart slug (D:1)
  3 endoplasms (D:1)
  A giant cockroach (D:2)
  3 jackals (D:2)
  2 bats
  A frilled lizard (D:1)
  A rat (D:1)
12 creatures vanquished.

Notes
Turn   | Place    | Note
-------+----------+-------------------------------------------
     0 | D:1      | Adverbial the Hill Orc Monk began the quest for the Orb.
     0 | D:1      | Reached XP level 1. HP: 19/19 MP: 1/1
   135 | D:1      | Reached XP level 2. HP: 9/27 MP: 2/2
   304 | D:2      | Slain by an adder

Illustrated notes

Levels and vault maps discovered:
D:1:      mushboom_english_gardens, layout_basic
D:2:      layout_basic

Action                     || total
---------------------------++-------
  Melee: Hand axe          ||    55
         Punch             ||     2
 Armour: Robe              ||    21
  Dodge: Dodged            ||    65

Table legend: (Time is in decaauts)
 A = Elapsed time spent in this place.
 B = Non-inter-level travel time spent in this place.
 C = Inter-level travel time spent in this place.
 D = Time resting spent in this place.
 E = Time spent auto-exploring this place.
 F = Levels seen in this place.
 G = Mean time per level.
                   A        B        C        D        E       F      G
               +--------+--------+--------+--------+--------+-----+--------+
         Total |    308 |    308 |      0 |      0 |      0 |   2 |  154.0 |
       Dungeon |    308 |    308 |      0 |      0 |      0 |   2 |  154.0 |
               +--------+--------+--------+--------+--------+-----+--------+

Top non-repeatable levels by time:
     D:1: 223 daAuts
     D:2: 85 daAuts
